 Dungeon Crawl Stone Soup version 0.21-a0-442-g848f44b (webtiles) character file.

147 graki42 the Magician (level 5, -4/28 HPs)
             Began as a Deep Elf Fire Elementalist on Nov 15, 2017.
             Slain by Grinder (7 damage)
             ... while paralysed by Grinder
             ... on level 3 of the Dungeon.
             The game lasted 00:07:23 (1581 turns).

graki42 the Magician (Deep Elf Fire Elementalist)   Turns: 1581, Time: 00:07:24

Health: -4/28      AC:  2    Str:  6    XL:     5   Next: 7%
Magic:  12/14      EV:  2    Int: 20    God:
Gold:   81         SH:  0    Dex: 15    Spells: 3/14 levels left

rFire    + + .     SeeInvis .   (no weapon)
rCold    . . .     Gourm    .   (no shield)
rNeg     . . .     Faith    .   a - +0 robe
rPois    .         Spirit   .   (no helmet)
rElec    .         Reflect  .   d - scarf {rC+ rF+}
rCorr    .         Harm     .   (no gloves)
MR       .....                  (no boots)
Stlth    ++........             (no amulet)
HPRegen  0.09/turn              i - ring of fire
MPRegen  0.14/turn              (no ring)

@: paralysed, very slightly contaminated, invisible
A: no striking features
a: no special abilities


You were on level 3 of the Dungeon.
You were not hungry.

You visited 1 branch of the dungeon, and saw 3 of its levels.

You collected 81 gold pieces.

Inventory:

Armour
 a - a +0 robe (worn)
 d - a scarf of resistance (worn)
Jewellery
 i - a ring of fire (left hand)
Wands
 k - a wand of digging (9/24)
Scrolls
 e - a scroll of identify
 g - a scroll of fear
 h - 2 scrolls of noise
Potions
 n - a potion of mutation
Books
 b - a book of Flames

   Spells                             Type                      Level
   a - Flame Tongue                   Conjuration/Fire             1
   b - Throw Flame                    Conjuration/Fire             2
   c - Conjure Flame                  Conjuration/Fire             3
   d - Inner Flame                    Hexes/Fire                   3
   e - Sticky Flame                   Conjuration/Fire             4
   f - Fireball                       Conjuration/Fire             5
Comestibles
 c - 3 bread rations
 f - a royal jelly
 j - 2 meat rations
 l - a chunk of flesh


   Skills:
 + Level 3.1 Dodging
 + Level 2.8 Stealth
 + Level 5.2 Spellcasting
 + Level 2.2 Conjurations
 + Level 4.2 Fire Magic


You had 3 spell levels left.
You knew the following spells:

 Your Spells              Type           Power        Failure   Level  Hunger
a - Flame Tongue          Conj/Fire      ####.        3%          1    None
b - Conjure Flame         Conj/Fire      ####....     9%          3    ##.....
c - Inner Flame           Hex/Fire       ###.....     14%         3    ##.....
d - Sticky Flame          Conj/Fire      ####....     30%         4    ####...


Dungeon Overview and Level Annotations

Branches:
Dungeon (3/15)

Altars:
Kikubaaqudgha
Nemelex Xobeh
Yredelemnul

Annotations:
D:3 Grinder


Message History

Grinder hits you.
You writhe in agony.
Grinder hits you but does no damage. The worm bites you.
* * * LOW HITPOINT WARNING * * *
You can move again.
It was a potion of invisibility.
You fade into invisibility!
Grinder hits you.
* * * LOW HITPOINT WARNING * * *
You writhe in agony.
* * * LOW HITPOINT WARNING * * *
You are very lightly contaminated with residual magic.
Grinder barely misses you. Grinder gestures at you.
You resist with significant effort. Grinder gestures at you.
You suddenly lose the ability to move!
You hear the rusting of a distant drain.
Grinder says, "There's only one good use for a tongue: cutting it out."
Grinder hits you!
You die...

#.......# .
#.......# ..#
#.......##.#
#..........#.
##.##.........
########....##......
#.....w###..........
#......##.w..w......
#.>@5..#..####..._..
#.........# ......
#.......### ....8
#......## ..
#......# #......#
#......# #......#
########


You could see Grinder and a worm (wandering).

Vanquished Creatures
  A worker ant (D:3)
  A gnoll (D:1)
  6 adders
  An ooze (D:3)
  3 dart slugs
  An orc (D:3)
  A ball python (D:1)
  A giant cockroach (D:2)
  7 goblins
  4 hobgoblins
  2 jackals (D:2)
  8 kobolds
  7 bats
  3 frilled lizards
  10 rats
56 creatures vanquished.

Notes
Turn   | Place    | Note
-------+----------+-------------------------------------------
     0 | D:1      | graki42 the Deep Elf Fire Elementalist began the quest for the Orb.
     0 | D:1      | Reached XP level 1. HP: 10/10 MP: 6/6
   245 | D:1      | Reached XP level 2. HP: 15/15 MP: 2/8
   568 | D:1      | Reached XP level 3. HP: 19/19 MP: 6/10
   573 | D:1      | Learned a level 3 spell: Conjure Flame
   577 | D:1      | Learned a level 3 spell: Inner Flame
   872 | D:2      | Found a sparkling altar of Nemelex Xobeh.
  1012 | D:2      | Reached skill level 4 in Spellcasting
  1012 | D:2      | Reached XP level 4. HP: 24/24 MP: 4/12
  1036 | D:2      | Learned a level 4 spell: Sticky Flame
  1055 | D:2      | Found a basalt altar of Yredelemnul.
  1426 | D:3      | Reached skill level 5 in Spellcasting
  1479 | D:3      | Reached XP level 5. HP: 28/28 MP: 7/14
  1550 | D:3      | Found an ancient bone altar of Kikubaaqudgha.
  1559 | D:3      | Noticed Grinder
  1568 | D:3      | Paralysed by Grinder for 7 turns
  1578 | D:3      | Paralysed by Grinder for 4 turns
  1581 | D:3      | Slain by Grinder

Vault maps used:
D:1:      shiori_shiawase, minmay_split_cup_small
D:2:      lemuel_crystal_altar, nicolae_overflow_hidden_temple
D:3:      grunt_temple_overflow_open, gup_sewer_entry_spiral,
          grunt_decor_one_mirror, uniq_grinder

Skill      XL: |  1  2  3  4 |
---------------+-------------+-----
Dodging        | 3 |  3.1
Fire Magic     | 4 |  4.2
Spellcasting   | 4 5 |  5.2
Conjurations   | 2 |  2.2
Stealth        | |  2.8

Action                   |  1- 3 |  4- 6 || total
-------------------------+-------+-------++-------
 Cast: Flame Tongue      |    50 |    43 ||    93
       Conjure Flame     |     1 |       ||     1
  Use: Potion            |     2 |     1 ||     3
       Scroll            |       |     6 ||     6
  Eat: Chunk             |       |     2 ||     2
Armor: Robe              |     4 |     4 ||     8
Dodge: Dodged            |    13 |     7 ||    20

Table legend:
 A = Spawn XP
 B = Non-spawn XP
 C = Spawn XP percentage of total XP
 D = Spawn monster count
 E = Non-spawn monster count
 F = Spawn count percentage of total count
 G = Total turns spent on level
                    A         B        C        D         E        F      G
               +---------+---------+-------+---------+---------+-------+---------
         Total |       0 |     210 |   0.0 |       0 |      56 |   0.0 |  1581
               +---------+---------+-------+---------+---------+-------+---------
           D:1 |       0 |      46 |   0.0 |       0 |      20 |   0.0 |   648
           D:2 |       0 |      97 |   0.0 |       0 |      22 |   0.0 |   729
           D:3 |       0 |      67 |   0.0 |       0 |      14 |   0.0 |   204
               +---------+---------+-------+---------+---------+-------+---------
